[Event "*** SCC Grand Prix: Titled Tuesday Blitz"]
[Site "Chess.com"]
[Date "2020.06.02"]
[Round "7"]
[White "I_Hit_18K_on_BS"]
[Black "Mbneu"]
[Result "0-1"]
[WhiteElo "2070"]
[BlackElo "2232"]
[TimeControl "180+1"]
[EndTime "11:19:41 PDT"]
[Termination "Mbneu won on time"]

1. e4 c5 2. Nf3 Nf6 3. e5 Nd5 4. c4 Nb6 5. d4 cxd4 6. Nxd4 Nc6 7. Be3 d6 8. Nxc6 bxc6 9. Qf3 dxe5 10. Qxc6+ Bd7 11.
Qe4 Rc8 12. Nc3 e6 13. O-O-O Bb4 14. Qxe5 O-O 15. a3 Bxc3 16. Qxc3 Qc7 17. Kb1 Bc6 18.
Bd3 Na4 19. Qd4 Rb8 20. b4 Rfd8 21. Qh4 g6 22. Kc2 Qe5 23. Kd2 Rxd3+ 0-1

[Event "*** SCC Grand Prix: Titled Tuesday Blitz"]
[Site "Chess.com"]
[Date "2020.06.02"]
[Round "7"]
[White "tan275"]
[Black "Savva09022009"]
[Result "0-1"]
[WhiteElo "2191"]
[BlackElo "2393"]
[TimeControl "180+1"]
[EndTime "11:19:42 PDT"]
[Termination "Savva09022009 won by resignation"]

1. d4 Nf6 2. c4 e6 3. g3 d5 4. Nf3 dxc4 5. Bg2 a6 6. O-O Nc6 7. e3 Rb8 8. Qe2 b5 9. b3 cxb3 10.
axb3 Be7 11. Ba3 Bxa3 12. Nxa3 O-O 13. Rfc1 Bb7 14. Nc2 Qd6 15. e4 e5 16. d5 Ne7 17. Nce1 Nd7 18. Nd3 c6 19. dxc6 Nxc6 20.
Rd1 Qe6 21. b4 Rfd8 22. Qb2 Rbc8 23. Rac1 f6 24. h4 a5 25. Kh2 a4 26. Bh3 Qe7 27. Nc5 Nxc5 28. Bxc8 Bxc8 29. Rxd8+ Qxd8 30. Rxc5 Ne7 31. Qa2+ Kh8 32. Qf7 Bg4 33. Ne1 Be2 34. Nc2 Bc4 35. Ne3 Bxf7 0-1

[Event "*** SCC Grand Prix: Titled Tuesday Blitz"]
[Site "Chess.com"]
[Date "2020.06.02"]
[Round "7"]
[White "Nafania1"]
[Black "AlanZhang"]
[Result "1-0"]
[WhiteElo "2427"]
[BlackElo "2216"]
[TimeControl "180+1"]
[EndTime "11:19:43 PDT"]
[Termination "Nafania1 won by checkmate"]

1. e4 e5 2. Nf3 Nc6 3. Bb5 a6 4. Ba4 Nf6 5. O-O Be7 6. Re1 b5 7. Bb3 d6 8. c3 O-O 9. d4 exd4 10.
cxd4 Na5 11. Bc2 c5 12. h3 Nc6 13. d5 Ne5 14. Nxe5 dxe5 15. a4 Bb7 16. Nd2 Nd7 17.
b3 Qb6 18. Nf3 Bd6 19. Nh4 g6 20. Bh6 Rfe8 21. Qf3 Be7 22. Qg3 Qf6 23. Nf5 Bf8 24. Bg5 Qb6 25. a5 Qc7 26. d6 Bxd6 27. Rad1 Bf8 28. Qg4 Bc6 29. Nh6+ Kg7 30. Qh4 Re6 31. Nf5+ gxf5 32. exf5 h6 33. fxe6 hxg5 34. Qxg5+ Kh8 35. Qh5+ Kg7 36. Qxf7+ Kh6 37. Qg6# 1-0

[Event "*** SCC Grand Prix: Titled Tuesday Blitz"]
[Site "Chess.com"]
[Date "2020.06.02"]
[Round "7"]
[White "BilodeauA"]
[Black "fodorpoti"]
[Result "0-1"]
[WhiteElo "2888"]
[BlackElo "2776"]
[TimeControl "180+1"]
[EndTime "11:19:46 PDT"]
[Termination "fodorpoti won by resignation"]

1. e4 e6 2. d4 d5 3. Nd2 Nc6 4. Ngf3 Nf6 5. e5 Nd7 6. c3 f6 7. Bb5 fxe5 8. dxe5 Be7 9. O-O O-O 10. Re1 Qe8 11.
Nf1 Qf7 12. Ng3 Nc5 13. b4 Nd7 14. Bd3 a5 15. b5 Nd8 16. Be3 g6 17. c4 Nc5 18.
Bf1 b6 19. cxd5 exd5 20. Qd2 Bb7 21. Nd4 Nde6 22. Rac1 Nxd4 23. Bxd4 Ne6 24. f3 Bb4 25. Bc3 Bc5+ 26. Kh1 Rae8 27. Qh6 Nf4 28. Bd2 Ne6 29. Bd3 Qg7 30. Ne2 Bb4 31. Qxg7+ Kxg7 32. Red1 Nc5 33. Be3 Kg8 34. Bd4 Ne6 35. Bf2 Rf7 36. Kg1 Bc5 37.
Bxc5 bxc5 38. Bc2 c4 39. b6 cxb6 40. Rb1 Nc5 41. Rxb6 Rxe5 42. Nd4 Kg7 43. Rb5 Ne6 44.
Nxe6+ Rxe6 45. Kf2 Rfe7 46. Rd2 c3 0-1

[Event "*** SCC Grand Prix: Titled Tuesday Blitz"]
[Site "Chess.com"]
[Date "2020.06.02"]
[Round "7"]
[White "AcostaPablo"]
[Black "Ceejay271"]
[Result "1-0"]
[WhiteElo "2600"]
[BlackElo "2410"]
[TimeControl "180+1"]
[EndTime "11:19:46 PDT"]
[Termination "AcostaPablo won by resignation"]

1. d4 Nf6 2. c4 e6 3. g3 d5 4.
Bg2 Bb4+ 5. Bd2 Be7 6. Nf3 O-O 7. O-O Nbd7 8. Qc2 Ne4 9. Bf4 c6 10. Rd1 f5 11. Ne1 g5 12. Bc1 Ndf6 13. Nd3 Nd6 14.
b3 Nf7 15. Nc3 dxc4 16. bxc4 Qxd4 17. c5 Qc4 18. Rb1 Nd5 19. Bxd5 exd5 20. Rb4 Be6 21.
Rxc4 dxc4 22. Nb2 Bxc5 23. Nca4 Be7 24. Be3 b5 25. Nc5 Bxc5 26. Bxc5 Rfd8 27. Qc3 Rxd1+ 28.
Nxd1 a5 29. Qf6 Re8 30. Bd4 Kf8 31. Ne3 b4 32. Nxf5 Bxf5 33. Qxf5 c3 34. Qxh7 Rxe2 35. Bc5+ Ke8 36. Qg8+ Kd7 37. Qxf7+ Kc8 38. Qg8+ Kb7 39. Kg2 c2 40. Qc4 Rd2 41. Be3 1-0

[Event "*** SCC Grand Prix: Titled Tuesday Blitz"]
[Site "Chess.com"]
[Date "2020.06.02"]
[Round "7"]
[White "Godzillator"]
[Black "seorobert1971"]
[Result "0-1"]
[WhiteElo "2464"]
[BlackElo "2650"]
[TimeControl "180+1"]
[EndTime "11:19:47 PDT"]
[Termination "seorobert1971 won by resignation"]

1. d4 Nf6 2. c4 e6 3. Nc3 Bb4 4. Qc2 d5 5. cxd5 exd5 6. Bg5 c5 7. Nf3 cxd4 8. Nxd4 Nc6 9. Rd1 h6 10. Bxf6 Qxf6 11.
e3 O-O 12. a3 Nxd4 13. Rxd4 Bxc3+ 14. Qxc3 Be6 15. Bd3 Qg5 16. Rg1 Rac8 17. Qd2 Rc5 18. h4 Qe5 19. g4 Rfc8 20. Ke2 h5 21. gxh5 Qxh5+ 22. f3 Qe5 23. Rg2 Bh3 24. Rf2 Rc1 25. Rxd5 Qg3 26. Be4 g6 27. Rd8+ Rxd8 28. Qxd8+ Kh7 29.
Qf6 Be6 30. h5 Bc4+ 31. Bd3 Rc2+ 32. Kd1 Rxf2 33. hxg6+ Kg8 34. gxf7+ Bxf7 35. Qd8+ Kg7 36. Qd4+ Kh6 37. Qh8+ Kg5 38. Qg7+ Kh4 39. Qxf7 Qg1+ 0-1

[Event "*** SCC Grand Prix: Titled Tuesday Blitz"]
[Site "Chess.com"]
[Date "2020.06.02"]
[Round "7"]
[White "swisspower96"]
[Black "Jenia84"]
[Result "1-0"]
[WhiteElo "2566"]
[BlackElo "2245"]
[TimeControl "180+1"]
[EndTime "11:19:47 PDT"]
[Termination "swisspower96 won by resignation"]

1. d4 Nf6 2. c4 e6 3. Nf3 b6 4. g3 Bb7 5. Bg2 Be7 6. O-O O-O 7. Re1 Na6 8. h4 c5 9. d5 exd5 10. Nh2 Nc7 11. Nc3 d4 12. Bxb7 Rb8 13. Bg2 dxc3 14. bxc3 d5 15. cxd5 Ncxd5 16. c4 Nb4 17. Bf4 Qxd1 18.
Rexd1 Rbd8 19. Nf1 Rxd1 20. Rxd1 Nxa2 21. Ra1 Nc3 22. Bf3 a5 23. Ne3 Rd8 24. Bc7 Rd2 25.
Bxb6 Nxe2+ 26. Kg2 Nd4 27. Rxa5 h6 28. Bxc5 Bxc5 29.
Rxc5 Nxf3 30. Kxf3 Rxf2+ 31. Kxf2 Ne4+ 32. Kf3 Nxc5 33. Nf5 Kh7 34. Ke3 g5 35. h5 g4 36. Kd4 Nd7 37.
c5 Nf6 38. c6 Nxh5 39. c7 1-0

[Event "*** SCC Grand Prix: Titled Tuesday Blitz"]
[Site "Chess.com"]
[Date "2020.06.02"]
[Round "7"]
[White "XiaoKangZhong"]
[Black "davekoenig"]
[Result "1-0"]
[WhiteElo "2447"]
[BlackElo "2166"]
[TimeControl "180+1"]
[EndTime "11:19:47 PDT"]
[Termination "XiaoKangZhong won by checkmate"]

1. e4 e5 2. Nf3 Nc6 3. Bc4 Nf6 4. d3 Bc5 5. c3 O-O 6. Nbd2 Re8 7. O-O a6 8. h3 Na5 9. b4 Nxc4 10. Nxc4 Ba7 11. Ncxe5 d5 12. Qb3 Be6 13. exd5 Nxd5 14. c4 Ne7 15. Be3 Nf5 16. Bxa7 Rxa7 17. Qc3 f6 18. Ng4 a5 19. b5 c5 20. bxc6 bxc6 21. Ne3 Rd7 22.
Nxf5 Rxd3 23. Nh6+ gxh6 24. Qc1 Kg7 25. Qf4 Qd6 26. Qh4 Bf5 27. Rae1 Rxe1 28. Rxe1 Rd1 29. Rxd1 Qxd1+ 30. Kh2 Qe2 31. Qg3+ Bg6 32. Qc7+ Bf7 33.
Qg3+ Bg6 34. Nh4 Qxc4 35. Nf5+ Kf8 36. Qd6+ Kg8 37. Qd8+ Kf7 38. Qe7+ Kg8 39. Qg7# 1-0

[Event "*** SCC Grand Prix: Titled Tuesday Blitz"]
[Site "Chess.com"]
[Date "2020.06.02"]
[Round "7"]
[White "Lovinski"]
[Black "goldenpuppy"]
[Result "1-0"]
[WhiteElo "2362"]
[BlackElo "2180"]
[TimeControl "180+1"]
[EndTime "11:19:47 PDT"]
[Termination "Lovinski won by checkmate"]

1. Nf3 c5 2. g3 g6 3. c4 Bg7 4.
Bg2 d6 5. Nc3 e5 6. O-O Nc6 7. a3 Nge7 8. Rb1 a5 9. Ne1 O-O 10.
Nc2 f5 11. b4 axb4 12. axb4 Be6 13.
bxc5 dxc5 14. Rxb7 Rc8 15. d3 e4 16. Nd5 Nxd5 17. cxd5 Bxd5 18. dxe4 Bxe4 19. Bxe4 fxe4 20. Rd7 Qf6 21. Qd5+ Kh8 22. Qxe4 Rcd8 23. Rxd8 Rxd8 24. Be3 Nd4 25. Nxd4 cxd4 26. Bf4 g5 27. Bc1 Qb6 28. Bxg5 Rf8 29. Bf4 Qc5 30. Rd1 Rc8 31. Kg2 Rf8 32. h4 Qh5 33. Rd3 Qg4 34. Kh2 Qd7 35. Kg2 Qg4 36.
Qf3 Qf5 37. Bd6 Qxf3+ 38. Rxf3 Rd8 39. Be7 Re8 40. Bf6 Rxe2 41. Bxg7+ Kxg7 42. Rd3 Re4 43. Kf3 Re1 44. Rxd4 Rf1 45. Rf4 Re1 46. Kg4 Re5 47.
h5 Kh6 48. Rf6+ Kg7 49. Ra6 Re4+ 50. f4 Re3 51. Kh4 Re1 52. Kg5 Re7 53. h6+ Kg8 54. g4 Re4 55. f5 Kf7 56. Ra7+ Kg8 57. Kf6 Rxg4 58. Ra8# 1-0

[Event "*** SCC Grand Prix: Titled Tuesday Blitz"]
[Site "Chess.com"]
[Date "2020.06.02"]
[Round "7"]
[White "Zq1"]
[Black "Matibar"]
[Result "0-1"]
[WhiteElo "2537"]
[BlackElo "2701"]
[TimeControl "180+1"]
[EndTime "11:19:48 PDT"]
[Termination "Matibar won by resignation"]

1. d4 f5 2. Nf3 g6 3. h4 Bg7 4.
h5 d6 5. hxg6 hxg6 6. Rxh8 Bxh8 7. Bg5 c6 8. e3 Qb6 9. Qc1 Be6 10. Nbd2 Nd7 11. c3 O-O-O 12. Nc4 Qc7 13. a4 Ngf6 14.
a5 Bg7 15. a6 b6 16. b4 Rh8 17. b5 Rh1 18. Na3 c5 19. Bxf6 Nxf6 20. Ng5 Bd5 21. Kd2 Bh6 22. Nh3 Ne4+ 23. Kc2 cxd4 24. c4 Rxh3 25. gxh3 Nxf2 26. Kb3 Bxe3 27. Qb2 Bf7 28. Re1 e5 29. Bg2 Nd3 30. Qe2 Nxe1 31.
Bb7+ Kb8 32. Qxe1 d5 33. cxd5 Qc3+ 34. Qxc3 dxc3 35. Kxc3 e4 36. Nc4 Bc5 37. Ne5 Be8 38.
Kc4 Bd6 39. Nc6+ Bxc6 40. bxc6 Kc7 41. Kd4 b5 42. Ke3 b4 0-1

[Event "*** SCC Grand Prix: Titled Tuesday Blitz"]
[Site "Chess.com"]
[Date "2020.06.02"]
[Round "7"]
[White "shineatchess"]
[Black "KejJaj"]
[Result "0-1"]
[WhiteElo "2189"]
[BlackElo "2082"]
[TimeControl "180+1"]
[EndTime "11:19:48 PDT"]
[Termination "KejJaj won on time"]

1. e4 c5 2. Nf3 d6 3. Bb5+ Nc6 4. O-O Bg4 5. h3 Bxf3 6. Bxc6+ bxc6 7. Qxf3 e5 8. d3 g6 9. Nc3 Bg7 10. Qg3 Ne7 11.
f4 f5 12. fxe5 Bxe5 13. Bf4 Bxf4 14. Rxf4 O-O 15. Raf1 Qd7 16. Qg5 fxe4 17. Nxe4 Nd5 18. Rxf8+ Rxf8 19. Rxf8+ Kxf8 20. c4 Nb4 21. Qf4+ Qf7 22.
Qxd6+ Kg7 23. Qxc5 Nxa2 24. Qd4+ Kf8 25. Qd6+ Qe7 26.
Qf4+ Qf7 27. Qd6+ Kg7 28. Qxc6 Nc1 29. Qc5 h6 0-1

[Event "*** SCC Grand Prix: Titled Tuesday Blitz"]
[Site "Chess.com"]
[Date "2020.06.02"]
[Round "7"]
[White "Dedic8"]
[Black "Vaathi_Coming"]
[Result "1-0"]
[WhiteElo "2744"]
[BlackElo "2857"]
[TimeControl "180+1"]
[EndTime "11:19:49 PDT"]
[Termination "Dedic8 won on time"]

1. e4 c5 2. Nf3 Nc6 3. Bb5 g6 4. O-O Bg7 5. c3 Nf6 6. Re1 O-O 7. d4 d5 8. e5 Ne4 9. Bxc6 bxc6 10. Be3 Rb8 11. Qc1 Qb6 12. b3 cxd4 13. cxd4 f6 14. Nc3 Bf5 15. Na4 Qa6 16. Qa3 fxe5 17. Nxe5 c5 18.
Rac1 Rbc8 19. f3 cxd4 20. Rxc8 Rxc8 21. Bxd4 Nd6 22. Qb4 Qb5 23. Qd2 Rc2 24. Qe3 Bf6 25. Nc3 Qb7 26. g4 Bc8 27. Re2 Rxe2 28. Qxe2 Kg7 29. Qe3 Kg8 30. Nd3 Bxd4 31. Qxd4 Qc7 32. Nxd5 Qb7 33. Nc5 Qb5 34. Nxe7+ 1-0

[Event "*** SCC Grand Prix: Titled Tuesday Blitz"]
[Site "Chess.com"]
[Date "2020.06.02"]
[Round "7"]
[White "JulAnt"]
[Black "Rish_97"]
[Result "0-1"]
[WhiteElo "2421"]
[BlackElo "2642"]
[TimeControl "180+1"]
[EndTime "11:19:50 PDT"]
[Termination "Rish_97 won by resignation"]

1. e4 e5 2. Nf3 Nf6 3. Nxe5 d6 4. Nf3 Nxe4 5. d4 d5 6. Bd3 Bd6 7. O-O O-O 8. Re1 Re8 9. Nbd2 Bf5 10. Nf1 Nc6 11.
Ng3 Nxg3 12. hxg3 Rxe1+ 13. Nxe1 Nxd4 14. Bxf5 Nxf5 15. Qxd5 Qd7 16. Qxb7 Re8 17. Nf3 Bc5 18.
Bf4 Bb6 19. Qa6 h6 20. Qf1 g5 21. Rd1 Qc6 22. Qd3 gxf4 23. Qxf5 fxg3 24. Ne5 gxf2+ 25. Kh1 Qe6 26. Qxe6 Rxe6 27. Nf3 Re2 0-1

[Event "*** SCC Grand Prix: Titled Tuesday Blitz"]
[Site "Chess.com"]
[Date "2020.06.02"]
[Round "7"]
[White "mohssenbinaddi"]
[Black "DishonorOnYourCow"]
[Result "0-1"]
[WhiteElo "2067"]
[BlackElo "2294"]
[TimeControl "180+1"]
[EndTime "11:19:51 PDT"]
[Termination "DishonorOnYourCow won by resignation"]

1. Nf3 d5 2. g3 Nf6 3. Bg2 g6 4. O-O Bg7 5. d4 O-O 6. c4 dxc4 7. Na3 c3 8. bxc3 c5 9. Rb1 Nc6 10. e3 Nd5 11. Bd2 cxd4 12. cxd4 Nb6 13. Rb5 Bf5 14. Qb3 Be6 15. Qb1 Nc4 16. Nxc4 Bxc4 17. Rxb7 Bxf1 18. Qxf1 Rb8 19. Qa6 Rxb7 20. Qxb7 Qb6 21. Qd7 Rd8 22. Qg4 e5 23. h4 exd4 24. exd4 Nxd4 25. Bg5 Nxf3+ 26.
Bxf3 Bf6 27. Be3 Qb1+ 28. Kg2 Qxa2 29. h5 Qa5 30. hxg6 hxg6 31. Be4 a6 32. Qf3 Bg5 33. Ba7 Qc7 34. Qg4 Qxa7 35. Qxg5 Qd4 36. f3 Qd2+ 0-1

[Event "*** SCC Grand Prix: Titled Tuesday Blitz"]
[Site "Chess.com"]
[Date "2020.06.02"]
[Round "7"]
[White "Kaua18"]
[Black "Bastiandash"]
[Result "0-1"]
[WhiteElo "2304"]
[BlackElo "2123"]
[TimeControl "180+1"]
[EndTime "11:19:51 PDT"]
[Termination "Bastiandash won by checkmate"]

1. e4 c5 2. Nf3 e6 3. d4 cxd4 4. Nxd4 a6 5. Bd3 Bc5 6. Nb3 Be7 7. O-O d6 8. c4 Nd7 9. Qe2 Qc7 10. Nc3 b6 11. f4 h5 12. Bd2 Bb7 13. Rae1 Ngf6 14.
h3 h4 15. Kh2 Nh5 16. Qg4 Ng3 17. Rf3 Nf6 18. Qxg7 Rg8 19. Qh6 Rg6 20. Qh8+ Kd7 21.
Qxh4 Nfxe4 22. Qxg3 Nxg3 23. Rxg3 Rxg3 24. Kxg3 Rg8+ 25.
Kf2 Bh4+ 26. Ke2 Bxe1 27. Kxe1 Bxg2 28. h4 Qd8 29. Kd1 Qxh4 30. Kc2 Bf3 31. Nd4 Qh5 32. Na4 Bd1+ 33. Kc3 Bxa4 34. b3 Bc6 35. a4 Rg3 36. Kc2 Qh3 37. Be2 Be4+ 38. Kb2 Rg2 39. Kc1 Qh1+ 40. Bd1 Qh2 41. Bc3 Ra2 42. f5 Qf4+ 43. Bd2 Qxd2# 0-1

[Event "*** SCC Grand Prix: Titled Tuesday Blitz"]
[Site "Chess.com"]
[Date "2020.06.02"]
[Round "7"]
[White "BogdanDeac"]
[Black "Carnivoras"]
[Result "1-0"]
[WhiteElo "2924"]
[BlackElo "2615"]
[TimeControl "180+1"]
[EndTime "11:19:52 PDT"]
[Termination "BogdanDeac won on time"]

1. Nf3 d5 2. d4 Nf6 3. c4 c6 4.
Qb3 e6 5. Bg5 Be7 6. Nc3 O-O 7.
e3 Nbd7 8. Rd1 h6 9. Bh4 a6 10. Bd3 b5 11. c5 Qc7 12. a3 Bb7 13. O-O Rfe8 14. Bg3 Qc8 15. h3 Bd8 16. Ne5 Nxe5 17. Bxe5 Nd7 18. f4 Bc7 19. Qc2 f6 20. Bh7+ Kh8 21.
Bxc7 Qxc7 22. Bg6 Re7 23. b4 a5 24. e4 Nf8 25. e5 f5 26. Bh5 Bc8 27. Rb1 a4 28.
Bf3 Bd7 29. g4 Nh7 30. gxf5 exf5 31. Bxd5 cxd5 32. Nxd5 Qd8 33. Nxe7 Qxe7 34. d5 Qh4 35. Kh2 Be8 36. Qf2 Qd8 37. Rbd1 Nf8 38. e6 Qf6 39.
Qd4 Qh4 40. c6 Bh5 41. Rd3 Rd8 42. Rg3 Nxe6 43. Qe5 Ng5 44. fxg5 Re8 45. Qxf5 Re2+ 46.
Rf2 1-0

[Event "*** SCC Grand Prix: Titled Tuesday Blitz"]
[Site "Chess.com"]
[Date "2020.06.02"]
[Round "7"]
[White "KNVB"]
[Black "mbachez"]
[Result "1-0"]
[WhiteElo "2687"]
[BlackElo "2532"]
[TimeControl "180+1"]
[EndTime "11:19:53 PDT"]
[Termination "KNVB won by resignation"]

1. e4 e6 2. Nf3 d5 3. e5 c5 4.
b4 cxb4 5. a3 Nc6 6. axb4 Bxb4 7. c3 Bf8 8. d4 Nge7 9. Ba3 Nf5 10. Bxf8 Kxf8 11. Bd3 h5 12. g3 Nce7 13. Nbd2 Bd7 14.
Kf1 Qc7 15. Ra3 a6 16. Kg2 f6 17. h3 Kf7 18. Re1 Bb5 19. Bxb5 axb5 20. Rb3 Qc6 21.
Qe2 Ra2 22. Rxb5 Qxc3 23. exf6 gxf6 24. Qxe6+ Kg7 25. Rxb7 Rxd2 26. Qxf5 Rxf2+ 27. Kxf2 Qc2+ 28. Qxc2 1-0

[Event "*** SCC Grand Prix: Titled Tuesday Blitz"]
[Site "Chess.com"]
[Date "2020.06.02"]
[Round "7"]
[White "Spartakus1975"]
[Black "Grandmaster2B"]
[Result "1-0"]
[WhiteElo "2683"]
[BlackElo "2424"]
[TimeControl "180+1"]
[EndTime "11:19:53 PDT"]
[Termination "Spartakus1975 won on time"]

1. e4 c5 2. c3 Nf6 3. e5 Nd5 4. Nf3 Nc6 5. d4 cxd4 6. cxd4 d6 7. Bc4 Nb6 8. Bb3 d5 9. Nh4 g6 10. O-O Bg7 11. Nc3 O-O 12. Re1 e6 13. Nf3 h6 14. h4 a6 15. Bf4 Na5 16. Bc2 Bd7 17. h5 Be8 18. Nh2 Qh4 19. hxg6 Qxf4 20. Re3 fxg6 21.
Rf3 Qh4 22. Rg3 Nc6 23. Nf3 Qh5 24. Rh3 Qg4 25. Rh4 Qxh4 26. Nxh4 Rf4 27. Nf3 g5 28. Ne2 Rf8 29. Qd3 Rf7 30. Ng3 Kf8 31. Nh5 Nb4 32. Qd2 Nxc2 33. Qxc2 Rc8 34. Qh7 Re7 35.
Nxg7 Rxg7 36. Qxh6 Bd7 37. Nxg5 Rc6 38. Re1 Nc8 39.
Re3 Ne7 40. Rf3+ Nf5 41. g4 Rc1+ 42. Kg2 Bb5 43. gxf5 Bf1+ 44. Kg3 1-0

[Event "*** SCC Grand Prix: Titled Tuesday Blitz"]
[Site "Chess.com"]
[Date "2020.06.02"]
[Round "7"]
[White "Marty435"]
[Black "tylityli"]
[Result "1-0"]
[WhiteElo "2440"]
[BlackElo "2280"]
[TimeControl "180+1"]
[EndTime "11:19:53 PDT"]
[Termination "Marty435 won on time"]

1. e4 e5 2. Nf3 Nc6 3. Bb5 a6 4. Ba4 Nf6 5. O-O Be7 6. d3 b5 7. Bb3 d6 8. c3 O-O 9. Re1 Bg4 10. Nbd2 d5 11. exd5 Nxd5 12. h3 Bh5 13. Ne4 Nf4 14. d4 Bxf3 15. Qxf3 Ng6 16. Ng3 Na5 17. dxe5 Nxb3 18.
axb3 Bc5 19. b4 Bb6 20. Qh5 Qd5 21. Be3 a5 22. Bxb6 cxb6 23. Nf5 Qb3 24. bxa5 bxa5 25.
Qg4 Qxb2 26. h4 h5 27. Qxh5 Qxc3 28. Qg5 Rfe8 29. h5 Rxe5 30. Rf1 Rxf5 31. Qxf5 Qe5 32. Qf3 1-0

[Event "*** SCC Grand Prix: Titled Tuesday Blitz"]
[Site "Chess.com"]
[Date "2020.06.02"]
[Round "7"]
[White "jlandaw"]
[Black "LionTheLeon_06"]
[Result "0-1"]
[WhiteElo "2535"]
[BlackElo "2690"]
[TimeControl "180+1"]
[EndTime "11:19:54 PDT"]
[Termination "LionTheLeon_06 won by resignation"]

1. e4 c5 2. Nc3 d6 3. g3 g6 4.
Bg2 Bg7 5. d3 Nc6 6. f4 e6 7. Nf3 Nge7 8. O-O O-O 9. Be3 Nd4 10.
e5 dxe5 11. Nxe5 Nef5 12. Bf2 Qc7 13. Ne4 b6 14. c3 Nb5 15. a4 Bb7 16. axb5 h6 17. Qe2 Kh7 18. Rfd1 Bd5 19. g4 Ne7 20. Bg3 f5 21. Nf2 Bxg2 22. Kxg2 Bxe5 23. fxe5 f4 24.
Bh4 f3+ 25. Qxf3 Rxf3 26. Kxf3 Rf8+ 27. Kg2 Nd5 28. Re1 Nf4+ 29. Kg1 Qb7 30. Ne4 Nxd3 31. Re3 c4 32. Nd6 Qc7 33. Bf6 g5 34. Rf1 Qc5 35. Rf3 Nxe5 36. Rh3 Nxg4 37. Ne4 Qf5 38. Ref3 Qxe4 39.
Kg2 Rxf6 0-1

[Event "*** SCC Grand Prix: Titled Tuesday Blitz"]
[Site "Chess.com"]
[Date "2020.06.02"]
[Round "7"]
[White "MirMan90"]
[Black "Danfii"]
[Result "1-0"]
[WhiteElo "2709"]
[BlackElo "2429"]
[TimeControl "180+1"]
[EndTime "11:19:54 PDT"]
[Termination "MirMan90 won by resignation"]

1. e4 e5 2. Nf3 Nc6 3. Bb5 Nf6 4. d3 Bc5 5. O-O d6 6. c3 O-O 7. h3 h6 8. Nbd2 Bb6 9. Re1 Ne7 10. Ba4 Ng6 11. Nc4 c6 12. Nxb6 axb6 13. Bc2 b5 14. a3 Re8 15. d4 Qc7 16. b3 Be6 17. Bd3 Rad8 18. a4 bxa4 19. bxa4 d5 20. exd5 Bxd5 21.
Bxg6 Bxf3 22. Qxf3 fxg6 23. Bb2 e4 24. Qd1 c5 25.
Qb3+ c4 26. Qc2 Re6 27. Bc1 Rde8 28. Rb1 Nd5 29. Rb5 Qc6 30. Rc5 Qd7 31. Rxc4 g5 32. Rc5 Nf4 33. Bxf4 gxf4 34. Qb3 Kh8 35. Rb5 Rg6 36.
Kh2 Qd6 37. Qd5 f3+ 38. Qxd6 Rxd6 39. gxf3 Rf6 40. Rxe4 Rxe4 41. fxe4 Rxf2+ 42. Kg3 Rc2 43. Rb3 1-0

[Event "*** SCC Grand Prix: Titled Tuesday Blitz"]
[Site "Chess.com"]
[Date "2020.06.02"]
[Round "7"]
[White "tteshan"]
[Black "hellokostya"]
[Result "0-1"]
[WhiteElo "2239"]
[BlackElo "2449"]
[TimeControl "180+1"]
[EndTime "11:19:54 PDT"]
[Termination "hellokostya won by resignation"]

1. d4 Nf6 2. c4 g6 3. Nc3 Bg7 4. e4 d6 5. Be2 O-O 6. Bg5 Na6 7. Qd2 e5 8. d5 Nc5 9. f3 c6 10. b4 Na6 11. a3 cxd5 12. Nxd5 Nc7 13. Bxf6 Bxf6 14.
Nxf6+ Qxf6 15. Rd1 Ne6 16. h4 Nd4 17. Bd3 Be6 18.
Ne2 Rac8 19. Nxd4 exd4 20. Qe2 h5 21. Kf2 a5 22. Rb1 b6 23. bxa5 bxa5 24. Rb5 Rc5 25. g3 Rfc8 26. Rhb1 Rxc4 27. Bxc4 Bxc4 28. Qd2 Bxb5 29.
Rxb5 Rc3 30. a4 Qxf3+ 31. Kg1 Qxg3+ 32. Kf1 Rf3+ 0-1

[Event "*** SCC Grand Prix: Titled Tuesday Blitz"]
[Site "Chess.com"]
[Date "2020.06.02"]
[Round "7"]
[White "Quiet_Desperation"]
[Black "The_Machine04"]
[Result "1-0"]
[WhiteElo "2099"]
[BlackElo "2283"]
[TimeControl "180+1"]
[EndTime "11:19:55 PDT"]
[Termination "Quiet_Desperation won on time"]

1. e4 d6 2. d4 Nf6 3. Nc3 e5 4. Nf3 Nbd7 5. Bc4 Be7 6. O-O c6 7. a4 h6 8. h3 Qc7 9. Re1 Nf8 10.
Be3 Ng6 11. a5 O-O 12. Nh2 Kh8 13. Bd3 Nh7 14. Ne2 Bg5 15. Bxg5 Nxg5 16. c3 Qe7 17. Qd2 Bxh3 18. gxh3 Nxh3+ 19. Kg2 Qh4 20. Qe3 Ngf4+ 21. Nxf4 Nxf4+ 22. Kh1 Nxd3 23. Qxd3 Qxf2 24. Re2 Qh4 25. Rg1 Rae8 26. Rg4 Qf6 27. Reg2 Rg8 28. d5 cxd5 29.
Qxd5 Rc8 30. Qxb7 Rc4 31. Qb3 Rc5 32. Qa4 d5 33. Qb4 Rc4 34. Qb5 Rxe4 35. Rxe4 dxe4 36. Qe2 Rd8 37. Qxe4 Rd1+ 38. Rg1 Rd2 39. b4 Qh4 40. Qxh4 1-0

[Event "*** SCC Grand Prix: Titled Tuesday Blitz"]
[Site "Chess.com"]
[Date "2020.06.02"]
[Round "7"]
[White "vikber19611"]
[Black "j2806"]
[Result "0-1"]
[WhiteElo "1953"]
[BlackElo "2103"]
[TimeControl "180+1"]
[EndTime "11:19:56 PDT"]
[Termination "j2806 won on time"]

1. e4 c5 2. Nf3 d6 3. d4 cxd4 4. Nxd4 Nf6 5. Nc3 a6 6. Be2 e5 7. Nf3 Be6 8. O-O Be7 9. h3 Nc6 10. Be3 O-O 11. Qd2 d5 12. exd5 Nxd5 13. Nxd5 Bxd5 14.
Rad1 Be6 15. a3 Qc7 16. Qc3 Rfd8 17. Bc5 Bf6 18. Qe3 Rxd1 19. Rxd1 Rd8 20. Rxd8+ Qxd8 21. Qd3 Qxd3 22. Bxd3 Bd5 23. c4 Be6 24. Kf1 g6 25.
Ke2 Nd4+ 26. Nxd4 exd4 27. b3 Kg7 28. Be4 Bc8 29. Kd3 Be5 30. Bxd4 Kf6 31. Bxe5+ Kxe5 32. Ke3 f5 33. Bd5 b5 34. Bg8 h6 35. cxb5 axb5 36. a4 bxa4 37. bxa4 Ba6 38. f4+ Kd6 39. Bh7 Bf1 40.
Bxg6 Bxg2 41. Bxf5 Bc6 42. h4 Bxa4 43. Kd4 Be8 44. Be4 Ke6 45. Bf3 Kf6 46. Bg4 Bf7 47. Ke4 Bg6+ 0-1

[Event "*** SCC Grand Prix: Titled Tuesday Blitz"]
[Site "Chess.com"]
[Date "2020.06.02"]
[Round "7"]
[White "ChessBitl"]
[Black "serhanberat_ozdemir"]
[Result "0-1"]
[WhiteElo "2327"]
[BlackElo "2514"]
[TimeControl "180+1"]
[EndTime "11:19:57 PDT"]
[Termination "serhanberat_ozdemir won on time"]

1. e4 c5 2. Nf3 e6 3. c4 a6 4. Nc3 Qc7 5. Be2 Nf6 6. O-O b6 7.
d4 cxd4 8. Nxd4 Bb7 9. f3 Bd6 10. g3 Be7 11. Be3 d6 12. Qd2 O-O 13. Rac1 Nbd7 14. Rfd1 Rab8 15. b4 Rfc8 16. a3 Qd8 17.
Nb3 Qf8 18. Na4 Ba8 19. Qd4 h5 20. Kg2 h4 21. gxh4 Ne5 22. Nxb6 Rxb6 23. Qxb6 Ng6 24. Qd4 Nh5 25. Qd2 e5 26. c5 dxc5 27. Bxc5 Nhf4+ 28. Kh1 f5 29. Bc4+ Kh7 30. h5 Nh4 31. Bxe7 Qxe7 32. Bd5 Nxd5 33. exd5 Rxc1 34. Nxc1 Nxf3 35.
Qe3 e4 36. Qf2 f4 37. Ne2 Qe5 38. Nd4 e3 39. Nxf3 exf2 0-1

[Event "*** SCC Grand Prix: Titled Tuesday Blitz"]
[Site "Chess.com"]
[Date "2020.06.02"]
[Round "7"]
[White "KerryStead"]
[Black "Boudicca64"]
[Result "1-0"]
[WhiteElo "2091"]
[BlackElo "1966"]
[TimeControl "180+1"]
[EndTime "11:19:57 PDT"]
[Termination "KerryStead won on time"]

1. d4 g6 2. e4 Bg7 3. Be3 d6 4. Qd2 Nd7 5. Bc4 e5 6. Ne2 Qe7 7. f3 b6 8. Nbc3 c6 9. a4 Bb7 10. Bb3 a6 11. O-O-O O-O-O 12. dxe5 Nxe5 13. Bxb6 Rd7 14.
Kb1 Nf6 15. a5 d5 16. exd5 cxd5 17. Nd4 Nc4 18. Bxc4 dxc4 19. Qf4 Nh5 20. Qg4 Nf6 21. Qh4 Qb4 22. Nde2 Nd5 23. Bd4 Bxd4 24. Qxd4 Rhd8 25.
Nxd5 Rxd5 26. Qg4+ f5 27. Rxd5 fxg4 28. Rxd8+ Kxd8 29. fxg4 Qd2 30. Nc3 Bxg2 31. Rd1 1-0